 Dungeon Crawl Stone Soup version 0.30-a0-728-gc68057be0a (webtiles) character file.

Game seed: 12749829398921239181

95303 DeathSun the Severer (level 15, -5/138 HPs)
             Began as a Hill Orc Fighter on Jan 30, 2023.
             Was the Champion of Jiyva.
             Slain by a demonic crawler (13 damage)
             ... on level 1 of the Spider Nest.
             The game lasted 00:44:20 (19409 turns).

DeathSun the Severer (Hill Orc Fighter)            Turns: 19409, Time: 00:44:20

Health: -5/138     AC: 14    Str: 27    XL:     15   Next: 73%
Magic:  12/19      EV: 10    Int: 10    God:    Jiyva [******]
Gold:   643        SH:  8    Dex: 27    Spells: 16/20 levels left

rFire   . . .      SeeInvis .    c - +8 broad axe of Might {freeze, Drain rElec rF- Dex+9}
rCold   . . .      Faith    .    (no shield)
rNeg    . . .      Spirit   .    R - +4 ring mail {rPois}
rPois   +          Reflect  .    (no helmet)
rElec   +          Harm     .    x - scarf {repulsion}
rCorr   +          Rampage  .    f - +0 pair of gloves of the Cobbler {Will++ Regen+}
Will    ++++.                    (no boots)
Stlth   +                        g - amulet of the acrobat
HPRegen 4.43/turn                t - +6 ring of strength
MPRegen 0.66/turn                Q - ring of willpower

@: calling ooze, repel missiles
A: claws 2, large bone plates 3, agile 2, fire resistance 1, regeneration 2,
shaggy fur 1, acidic bite, jelly sensing items, MP-powered wands
}: 1/15 runes: slimy
a: Renounce Religion, Oozemancy, Slimify


You were on level 1 of the Spider Nest.
You worshipped Jiyva.
Jiyva was exalted by your worship.
You visited 4 branches of the dungeon, and saw 25 of its levels.

You collected 1020 gold pieces.
You spent 377 gold pieces at shops.

Inventory:

Hand Weapons
 a - a +3 battleaxe of freezing
 c - the +8 broad axe of Might (weapon) {freeze, Drain rElec rF- Dex+9}
   (You took it off a centaur warrior on level 14 of the Dungeon)

   Dex:       It affects your dexterity (+9).
   rF:        It makes you vulnerable to fire.
   rElec:     It insulates you from electricity.
   Drain:     It drains your maximum health when unequipped.
Missiles
 i - 3 throwing nets
Armour
 f - the +0 pair of gloves of the Cobbler (worn) {Will++ Regen+}
   (You acquired it on level 4 of the Lair of Beasts)

   Regen:     It increases your rate of health regeneration.
   Will:      It greatly increases your willpower.
 w - a +1 scale mail
 x - a scarf of repulsion (worn)
 J - +0 acid dragon scales
 R - a +4 ring mail of poison resistance (worn)
Jewellery
 b - a ring of see invisible
 g - an amulet of the acrobat (around neck)
 s - an amulet of guardian spirit
 t - a +6 ring of strength (left hand)
 C - the ring "Ysty" {rF+ Dex+4}
   (You found it on level 5 of the Pits of Slime)

   [ring of protection from fire]

   Dex:       It affects your dexterity (+4).
   rF:        It protects you from fire.
 E - a ring of ice
 L - a ring of fire
 M - the amulet of Elemental Vulnerability {rPois rF-- rC-- AC+8}
   (You found it on level 1 of the Lair of Beasts)

   [amulet of nothing]

   AC:        It affects your AC (+8).
   rF:        It makes you very vulnerable to fire.
   rC:        It makes you very vulnerable to cold.
   rPois:     It protects you from poison.
 Q - a ring of willpower (right hand)
 U - a +6 ring of strength
Wands
 k - a wand of flame (9)
 n - a wand of charming (2)
 y - a wand of polymorph (10)
 P - a wand of iceblast (8)
Scrolls
 j - 5 scrolls of fear
 l - 2 scrolls of amnesia
 m - 3 scrolls of noise
 q - 3 scrolls of torment
 r - a scroll of fog
 B - 3 scrolls of blinking
 F - 2 scrolls of poison
 G - a scroll of silence {unknown}
 H - a scroll of immolation {unknown}
 K - 7 scrolls of teleportation
 O - a scroll of butterflies {unknown}
 S - a scroll of enchant armour {unknown}
Potions
 d - 2 potions of might
 e - 2 potions of heal wounds
 h - a potion of berserk rage
 o - a potion of brilliance {unknown}
 p - 8 potions of curing
 u - 3 potions of mutation {unknown}
 v - a potion of resistance {unknown}
 z - 3 potions of magic
 A - 2 potions of lignification {unknown}
 D - 5 potions of attraction {unknown}
 I - 3 potions of flight {unknown}
 N - a potion of haste {unknown}
 T - a potion of cancellation {unknown}


   Skills:
 * Level 14.2 Fighting
 - Level 20.0 Axes
 * Level 14.1 Armour
 - Level 3.2 Shields
 - Level 3.0 Spellcasting
 * Level 7.3 Conjurations
 * Level 14.1 Fire Magic


You had 16 spell levels left.
You knew the following spells:

 Your Spells              Type           Power      Damage    Failure   Level
a - Sticky Flame          Conj/Fire      23%        2d4       4%          4

Your spell library contained the following spells:

 Spells                   Type           Power      Damage    Failure   Level
 Foxfire                  Conj/Fire      92%        2x1d8     1%          1
 Scorch                   Fire           58%        2d7       1%          2
 Flame Wave               Conj/Fire      23%        2d8       4%          4
 Inner Flame              Hex/Fire       15%        N/A       6%          3
 Shock                    Conj/Air       32%        1d5       9%          1
 Fireball                 Conj/Fire      11%        3d7       12%         5
 Ignite Poison            Fire/Tmut/Pois 10%        N/A       16%         3
 Dazzling Flash           Conj/Hex       16%        N/A       24%         3
 Apportation              Tloc           2%         N/A       36%         1
 Beastly Appendage        Tmut           2%         N/A       36%         1
 Sting                    Tmut/Pois      4%         1d3       36%         1
 Blink                    Tloc           2%         N/A       50%         2
 Ensorcelled Hibernation  Hex/Ice        2%         N/A       50%         2
 Poisonous Vapours        Pois/Air       2%         N/A       50%         2
 Wereblood                Tmut           1%         N/A       50%         2
 Starburst                Conj/Fire      11%        6d5       56%         6
 Iskenderun's Mystic Bla  Conj/Tloc      8%         2d4       63%         4
 Spider Form              Tmut/Pois      1%         N/A       73%         3
 Swiftness                Air            1%         N/A       73%         3
 Airstrike                Air            0%         2d(1-17)  98%         4
 Anguish                  Hex/Necr       0%         N/A       98%         4
 Manifold Assault         Tloc           1%         N/A       98%         4
 Olgreb's Toxic Radiance  Pois           1%         N/A       98%         4
 Agony                    Necr           1%         N/A       100%        5
 Alistair's Intoxication  Tmut/Pois      0%         N/A       100%        5
 Yara's Violent Unravell  Hex/Tmut       0%         3d3       100%        5
 Dragon Form              Tmut           0%         N/A       100%        7
 Enfeeble                 Hex            0%         N/A       100%        7
 Storm Form               Tmut/Air       0%         N/A       100%        7


Dungeon Overview and Level Annotations

Branches:
Dungeon (14/15)            Temple (0/1) D:7            Lair (5/5) D:10
 Shoals (0/4) Lair:2       Spider (1/4) Lair:3        Slime (5/5) Lair:4
    Orc (0/2) D:10         Vaults (0/5) D:14

Altars:
Ashenzari
Elyvilon
Hepliaklqana
Okawaru
Qazlal
Sif Muna
Xom
Yredelemnul
The Shining One
Beogh
Jiyva

Shops:
D:3 (   D:5 *   D:11 (   D:12 !(   D:14 ?*

Portals:
Trove: D:10 (give +8 demon blade)

Annotations:
Slime:5 Royal Jelly


Innate Abilities, Weirdness & Mutations

You have very sharp fingernails.
You are completely covered in large bone plates. (SH +8)
You are very agile. (Dex +8, Str/Int -2)
Your flesh is heat resistant. (rF+)
You heal very quickly.
You are covered in fur. (AC +1)
You have acidic saliva.
You have a small jelly attached to you that senses nearby items.
You expend magic power (3 MP) to strengthen your wands.


Message History

Okay, then.
You feel much better.
You carefully extract the barbed spikes from your body.
The redback bites the slime creature.
The tarantella touches the slime creature.
The walls burn the demonic crawler!
The demonic crawler closely misses you. You block the demonic crawler's attack.
The demonic crawler hits you!
The wall burns the demonic crawler!
The demonic crawler barely misses you. The demonic crawler hits you.
The demonic crawler misses you.
The slime creature hits the redback but does no damage.
The entropy weaver casts a spell at you.
The redback bites the slime creature!
The tarantella touches the slime creature!
The walls burn the demonic crawler!
The demonic crawler barely misses you. The demonic crawler hits you!
* * * LOW HITPOINT WARNING * * *
The demonic crawler barely misses you.
Okay, then.
Aiming: Sticky Flame (mildly dangerous; 4% risk of failure)
Press: ? - help, Q - select action, (/) - cycle Shift-Dir - straight line, f - entropy weaver
Aim: an entropy weaver (severely wounded)
The sticky flame hits the entropy weaver.
The entropy weaver is severely wounded.
The entropy weaver is covered in liquid flames!
The entropy weaver burns!
The wall burns the demonic crawler!
You block the demonic crawler's attack.
The demonic crawler completely misses you.
The demonic crawler hits you!
* * * LOW HITPOINT WARNING * * *
The entropy weaver hits you but does no damage. x2
You block the entropy weaver's attack. The entropy weaver hits you.
* * * LOW HITPOINT WARNING * * *
The wall burns the tarantella!
The redback bites the slime creature but does no damage.
The walls burn the demonic crawler!
The demonic crawler hits you.
* * * LOW HITPOINT WARNING * * *
The demonic crawler barely misses you. The demonic crawler hits you!
* * * LOW HITPOINT WARNING * * *
The wall burns the demonic crawler!
The demonic crawler hits you!
You die...

......#......
...........^##
.#.........s...
...#...........
...............
......^.........
...^#..ss........
......Bss....$...
#..#..s@s#...#...
^.....J.##.......
.................
......#.......#..
.#...$#..........
#....###....#...
#.... #.........
....? #..^##....
.... #....#....


You could see an entropy weaver (burning), 2 demonic crawlers, a jumping spider,
3 tarantellas, a redback and a neutral slime creature (confused) (fellow slime).

Vanquished Creatures
  Nessos (Lair:4)
  Azrael (D:14)
  A minotaur (Lair:2)
  Snorg (D:13)
  An ettin (D:14)
  A fire dragon (D:14)
  The ghost of Fandomethor the Carver, a journeyman AtBe of Trog (Lair:1)
  Fannar (Lair:1)
  Harold (D:9)
  3 hydras
  A rakshasa (D:14)
  4 catoblepae
  6 centaur warriors
  A tengu warrior (D:14)
  5 two-headed ogres
  9 death yaks
  A vampire mage (Lair:2)
  5 skeletal warriors (D:14)
  A shadow wraith (D:14)
  A deep elf archer (D:14)
  A lindwurm (Lair:3)
  A wizard (D:13)
  A steelbarb worm (Spider:1)
  An orc knight (D:14)
  2 deep elf pyromancers
  5 ugly things
  A wolf spider (Spider:1)
  4 cyclopes
  Maurice (D:8)
  20 elephants
  10 black mambas
  5 manticores
  Joseph (D:7)
  7 cane toads
  3 gargoyles
  A torpor snail (Lair:5)
  Psyche (D:8)
  4 rime drakes
  The ghost of M4edhros the Insei, a novice OpTm (D:5)
  A freezing wraith (D:13)
  2 unseen horrors
  2 tengu conjurers (D:14)
  9 komodo dragons
  2 efreet (D:14)
  2 guardian mummies (D:10)
  3 trolls
  3 polar bears
  A meliai (D:14)
  Prince Ribbit (Lair:2)
  A hornet (D:9)
  19 blink frogs
  A wind drake (Lair:2)
  5 dream sheep (Lair:3)
  7 tarantellas (Spider:1)
  A culicivora (Spider:1)
  A centaur simulacrum (D:14)
  A water elemental (D:14)
  5 fire elementals (D:14)
  2 basilisks
  64 yaks
  4 wyverns
  3 shadows
  A human (Lair:2)
  A steam dragon (D:10)
  7 vampire mosquitoes
  A redback (Spider:1)
  Edmund (D:6)
  2 two-headed ogre zombies (D:10)
  2 acid dragons
  2 hell hounds (D:14)
  11 water moccasins
  2 sky beasts
  A swamp drake (D:10)
  3 black bears
  5 orc warriors
  3 ice beasts
  4 wolves (Lair:5)
  7 centaurs
  2 phantoms (D:10)
  5 bullfrogs
  2 scorpions
  2 necrophages
  A gnoll sergeant (D:5)
  A cane toad simulacrum (Lair:1)
  3 wights (D:6)
  6 killer bees (D:11)
  An elephant simulacrum (Lair:1)
  7 howler monkeys
  A hound (D:6)
  A komodo dragon simulacrum (Lair:1)
  10 orc priests
  A water moccasin simulacrum (Lair:1)
  4 gnoll boudas
  3 iguanas
  5 orc wizards
  A polar bear simulacrum (Lair:1)
  6 ogre zombies (D:10)
  21 gnolls
  2 adders
  3 white imps
  2 ufetubi (D:6)
  5 worms
  3 dart slugs
  41 orcs
  4 endoplasms (D:1)
  5 giant cockroaches
  6 hobgoblins
  2 quokkas (D:1)
  5 ball pythons
  6 bats
  3 frilled lizards
  6 goblins
  A goblin skeleton (D:10)
  2 goblin zombies (D:10)
  A hobgoblin skeleton (D:10)
  8 kobolds
  7 orc skeletons (D:10)
  12 orc zombies (D:10)
  3 rats
  A spectral orc (D:9)
520 creatures vanquished.

Vanquished Creatures (collateral kills)
  A boulder beetle (D:11)
  2 tengu conjurers (D:14)
3 creatures vanquished.

Vanquished Creatures (others)
  A glowing orange brain (D:14)
  A komodo dragon (D:10)
  2 shadows
  A water elemental (D:14)
  A basilisk (D:10)
  A yak (Lair:5)
  A floating eye (shapeshifter) (D:14)
  A black bear (D:6)
  54 jellies
  2 electric eels (D:14)
  2 orc priests (D:11)
  A gnoll bouda (D:5)
  3 orc wizards
  8 gnolls
  An ufetubus (D:5)
  A worm (D:5)
  5 orcs
  2 endoplasms (D:4)
  A goblin (D:3)
  A quokka (D:5)
  A goblin skeleton (D:10)
  An orc zombie (D:10)
  77 fungi
  87 plants
  5 toadstools (Lair:3)
261 creatures vanquished.

Grand Total: 784 creatures vanquished

Notes
Turn   | Place    | Note
-------+----------+-------------------------------------------
     0 | D:1      | DeathSun the Hill Orc Fighter began the quest for the Orb.
     0 | D:1      | Reached XP level 1. HP: 19/19 MP: 1/1
    24 | D:1      | Reached skill level 3 in Axes
   126 | D:1      | Reached XP level 2. HP: 15/26 MP: 2/2
   248 | D:1      | Reached skill level 4 in Axes
   484 | D:1      | Reached XP level 3. HP: 31/31 MP: 3/3
   782 | D:1      | Reached skill level 5 in Axes
  1404 | D:2      | Reached XP level 4. HP: 36/39 MP: 4/4
  1529 | D:2      | Found a faded altar of an unknown god.
  1841 | D:2      | Prayed at the altar of an unknown god.
  1841 | D:2      | Became a worshipper of Jiyva Juacuk the Shapeless
  1841 | D:2      | Reached * piety under Jiyva
  1951 | D:3      | Reached skill level 6 in Axes
  2140 | D:3      | Found a shimmering blue altar of Sif Muna.
  2287 | D:3      | Found Tokh's Weapon Boutique.
  2317 | D:3      | Reached ** piety under Jiyva
  2330 | D:3      | Reached XP level 5. HP: 45/45 MP: 5/5
  2870 | D:4      | Reached skill level 7 in Axes
  3233 | D:4      | Reached skill level 8 in Axes
  3233 | D:4      | Reached XP level 6. HP: 51/51 MP: 6/6
  3412 | D:4      | Reached *** piety under Jiyva
  3476 | D:4      | Noticed a black bear
  3486 | D:4      | Killed a black bear
  3531 | D:4      | Gained mutation: You have sharp toenails. [Jiyva's grace]
  3531 | D:4      | Gained mutation: You have razor-sharp toenails. [Jiyva's
                  | grace]
  3531 | D:4      | Gained mutation: You have claws for feet. [Jiyva's grace]
  3531 | D:4      | Gained mutation: Your melee attacks may engulf your foes in
                  | ooze. [Jiyva's grace]
  4146 | D:5      | Entered Level 5 of the Dungeon
  4146 | D:5      | Noticed an ice beast
  4158 | D:4      | Killed an ice beast
  4159 | D:4      | Reached skill level 9 in Axes
  4214 | D:4      | Reached XP level 7. HP: 57/57 MP: 7/7
  4234 | D:5      | Reached skill level 10 in Axes
  4263 | D:5      | Found Duig's Overcharged Wands.
  4280 | D:5      | Learned a level 4 spell: Sticky Flame
  4334 | D:5      | Reached skill level 1 in Fire Magic
  4500 | D:5      | Found a runed translucent gate.
  4500 | D:5      | Noticed M4edhros's ghost (novice OpTm)
  4501 | D:5      | Found a runed translucent gate.
  4502 | D:5      | Identified the +2 dagger of Duoziaqoyff {drain, rPois}
  4503 | D:5      | Found a runed translucent gate.
  4543 | D:5      | Reached **** piety under Jiyva
  4554 | D:5      | Reached skill level 1 in Conjurations
  4714 | D:5      | Found a roughly hewn altar of Beogh.
  4731 | D:5      | Killed M4edhros's ghost
  4732 | D:5      | Reached skill level 11 in Axes
  4732 | D:5      | Reached XP level 8. HP: 50/64 MP: 8/8
  4799 | D:6      | Noticed Edmund
  4805 | D:6      | Killed Edmund
  4874 | D:6      | Reached skill level 12 in Axes
  4874 | D:6      | Reached skill level 5 in Fire Magic
  4925 | D:6      | Reached XP level 9. HP: 43/67 MP: 9/9
  5118 | D:6      | Lost mutation: You have claws for feet. [Jiyva's grace]
  5118 | D:6      | Gained mutation: You have a small jelly attached to you
                  | that senses nearby items. [Jiyva's grace]
  5118 | D:6      | Gained mutation: Your rubbery body absorbs attacks. (AC +1,
                  | EV +1) [Jiyva's grace]
  5118 | D:6      | Gained mutation: Your pliable body absorbs attacks. (AC +2,
                  | EV +2) [Jiyva's grace]
  5118 | D:6      | Gained mutation: Your gelatinous body deflects attacks. (AC
                  | +3, EV +3) [Jiyva's grace]
  5247 | D:7      | Found a staircase to the Ecumenical Temple.
  5355 | D:7      | Noticed Joseph
  5363 | D:7      | Killed Joseph
  5432 | D:7      | Reached ***** piety under Jiyva
  5531 | D:7      | Found a shimmering altar of Xom.
  5532 | D:7      | Found a hazy altar of Hepliaklqana.
  5533 | D:7      | Noticed a spectral ugly thing
  5549 | D:7      | Found a broken altar of Ashenzari.
  6181 | D:8      | Killed an unseen horror
  6182 | D:8      | Reached skill level 5 in Fighting
  6290 | D:8      | Found a white marble altar of Elyvilon.
  6401 | D:8      | Found a large runed translucent door.
  6402 | D:8      | Found a large runed translucent door.
  6825 | D:8      | Reached skill level 13 in Axes
  6833 | D:8      | Reached skill level 5 in Armour
  6841 | D:8      | Found an iron altar of Okawaru.
  6844 | D:8      | Found a glowing golden altar of the Shining One.
  6883 | D:9      | Noticed Maurice
  6933 | D:8      | Killed Maurice
  6934 | D:8      | Reached XP level 10. HP: 78/83 MP: 10/10
  6996 | D:9      | Found a stormy altar of Qazlal.
  7005 | D:9      | Noticed Psyche
  7069 | D:8      | Killed Psyche
  7209 | D:9      | Lost mutation: Your gelatinous body deflects attacks. (AC
                  | +3, EV +3) [Jiyva's grace]
  7209 | D:9      | Lost mutation: Your pliable body absorbs attacks. (AC +2,
                  | EV +2) [Jiyva's grace]
  7209 | D:9      | Gained mutation: Your pliable body absorbs attacks. (AC +2,
                  | EV +2) [Jiyva's grace]
  7209 | D:9      | Gained mutation: Your gelatinous body deflects attacks. (AC
                  | +3, EV +3) [Jiyva's grace]
  7209 | D:9      | Gained mutation: You have a pair of small antennae on your
                  | head. [Jiyva's grace]
  7209 | D:9      | Gained mutation: You have a pair of antennae on your head.
                  | [Jiyva's grace]
  7257 | D:9      | Found a basalt altar of Yredelemnul.
  7519 | D:9      | Reached skill level 5 in Conjurations
  7814 | D:9      | Reached skill level 14 in Axes
  7819 | D:9      | Noticed Harold
  7835 | D:9      | Killed Harold
  7836 | D:9      | Reached XP level 11. HP: 68/93 MP: 11/11
  7982 | D:10     | Entered Level 10 of the Dungeon
  8083 | D:10     | Found a staircase to the Orcish Mines.
  8276 | D:10     | Found a portal to a secret trove of treasure.
  8445 | D:10     | Reached ****** piety under Jiyva
  8890 | D:10     | Reached skill level 15 in Axes
  8910 | D:10     | Found a staircase to the Lair.
  9198 | D:11     | Lost mutation: You have a pair of antennae on your head.
                  | [Jiyva's grace]
  9198 | D:11     | Lost mutation: You have a pair of small antennae on your
                  | head. [Jiyva's grace]
  9198 | D:11     | Lost mutation: Your gelatinous body deflects attacks. (AC
                  | +3, EV +3) [Jiyva's grace]
  9198 | D:11     | Lost mutation: Your melee attacks may engulf your foes in
                  | ooze. [Jiyva's grace]
  9198 | D:11     | Gained mutation: You are partially covered in large bone
                  | plates. (SH +4) [Jiyva's grace]
  9198 | D:11     | Gained mutation: You are mostly covered in large bone
                  | plates. (SH +6) [Jiyva's grace]
  9198 | D:11     | Gained mutation: You are completely covered in large bone
                  | plates. (SH +8) [Jiyva's grace]
  9198 | D:11     | Gained mutation: Your flesh is heat resistant. (rF+)
                  | [Jiyva's grace]
  9332 | D:11     | Noticed a two-headed ogre
  9340 | D:11     | Killed a two-headed ogre
  9381 | D:11     | Noticed a boulder beetle
  9429 | D:11     | Killed a boulder beetle
  9575 | D:11     | Reached XP level 12. HP: 90/106 MP: 12/12
  9603 | D:11     | Reached skill level 10 in Fire Magic
  9709 | D:11     | Reached skill level 10 in Fighting
  9835 | D:11     | Found Adorch's Antique Weapon Shop.
 10365 | D:12     | Noticed a two-headed ogre
 10385 | D:11     | Killed a two-headed ogre
 10429 | D:12     | Got Sif Muna's Spellbook of the Body and Obstruction
 10480 | D:12     | Reached skill level 16 in Axes
 10506 | D:12     | Found Yzithroepp's Distillery.
 10524 | D:12     | Reached skill level 10 in Armour
 10528 | D:12     | Bought a potion of magic for 120 gold pieces
 10528 | D:12     | Bought a potion of heal wounds for 75 gold pieces
 10783 | D:12     | Lost mutation: You have razor-sharp toenails. [Jiyva's
                  | grace]
 10783 | D:12     | Gained mutation: You are covered in fur. (AC +1) [Jiyva's
                  | grace]
 10783 | D:12     | Gained mutation: You are covered in thick fur. (AC +2)
                  | [Jiyva's grace]
 10783 | D:12     | Gained mutation: Your thick and shaggy fur keeps you warm.
                  | (AC +3, rC+) [Jiyva's grace]
 10783 | D:12     | Gained mutation: Your muscles are strong. (Str +4, Int/Dex
                  | -1) [Jiyva's grace]
 10854 | D:12     | Found Nifydeoc's Antique Weapon Shoppe.
 10932 | D:13     | Noticed a two-headed ogre
 10946 | D:13     | Killed a two-headed ogre
 11044 | D:13     | Noticed Snorg
 11051 | D:13     | Killed Snorg
 11052 | D:13     | Reached skill level 1 in Spellcasting
 11184 | D:13     | Noticed a centaur warrior
 11197 | D:13     | Killed a centaur warrior
 11288 | D:13     | Noticed a centaur warrior
 11299 | D:13     | Killed a centaur warrior
 11613 | D:13     | Noticed a centaur warrior
 11621 | D:13     | Killed a centaur warrior
 11656 | D:13     | Identified the +7 mace of Melee {drain, Will++}
 11674 | D:13     | Noticed a two-headed ogre
 11684 | D:13     | Killed a two-headed ogre
 11922 | D:14     | Reached XP level 13. HP: 98/114 MP: 16/16
 12192 | D:14     | Identified the +8 broad axe of Might {freeze, Drain rElec
                  | rF- Dex+9}
 12288 | D:14     | Noticed a rakshasa
 12294 | D:14     | Noticed a rakshasa
 12294 | D:14     | Noticed a rakshasa
 12312 | D:14     | Noticed an ettin
 12320 | D:14     | Killed a rakshasa
 12322 | D:14     | Killed an ettin
 12479 | D:14     | Noticed Azrael
 12485 | D:14     | Killed Azrael
 12548 | D:14     | Found Fimammopiwk's Assorted Antiques.
 12614 | D:14     | Reached skill level 17 in Axes
 12878 | D:14     | Noticed a fire dragon
 12886 | D:14     | Killed a fire dragon
 12908 | D:14     | Found a gate to the Vaults.
 13011 | D:14     | Found Nopej's Magic Scroll Shop.
 13016 | D:14     | Bought a scroll of teleportation for 42 gold pieces
 13016 | D:14     | Bought a scroll of teleportation for 42 gold pieces
 13016 | D:14     | Bought a scroll of teleportation for 42 gold pieces
 13016 | D:14     | Bought a scroll of identify for 28 gold pieces
 13016 | D:14     | Bought a scroll of identify for 28 gold pieces
 13132 | D:14     | Reached XP level 14. HP: 96/125 MP: 18/18
 13343 | Lair:1   | Entered Level 1 of the Lair of Beasts
 13367 | Lair:1   | Found a runed translucent gate.
 13367 | Lair:1   | Found a runed translucent gate.
 13368 | Lair:1   | Found a runed translucent gate.
 13487 | Lair:1   | Lost mutation: Your muscles are strong. (Str +4, Int/Dex
                  | -1) [Jiyva's grace]
 13487 | Lair:1   | Lost mutation: Your pliable body absorbs attacks. (AC +2,
                  | EV +2) [Jiyva's grace]
 13487 | Lair:1   | Lost mutation: Your rubbery body absorbs attacks. (AC +1,
                  | EV +1) [Jiyva's grace]
 13487 | Lair:1   | Gained mutation: Your natural rate of healing is unusually
                  | fast. [Jiyva's grace]
 13487 | Lair:1   | Gained mutation: You heal very quickly. [Jiyva's grace]
 13487 | Lair:1   | Gained mutation: You regenerate. [Jiyva's grace]
 13487 | Lair:1   | Gained mutation: You expend magic power (3 MP) to
                  | strengthen your wands. [Jiyva's grace]
 13541 | Lair:1   | Noticed Fandomethor's ghost (journeyman AtBe)
 13543 | Lair:1   | Found the amulet of Elemental Vulnerability {rPois rF--
                  | rC-- AC+8}
 13633 | Lair:1   | Noticed Fannar
 13644 | Lair:1   | Killed Fannar
 13910 | Lair:1   | Killed Fandomethor's ghost
 14112 | Lair:2   | Reached skill level 18 in Axes
 14133 | Lair:2   | Noticed Prince Ribbit
 14142 | Lair:2   | Killed Prince Ribbit
 14383 | Lair:2   | Found a staircase to the Shoals.
 14447 | Lair:2   | Found a runed translucent door.
 14605 | Lair:2   | Found a runed translucent door.
 15017 | Lair:2   | Got the Verses on Lava
 15259 | Lair:3   | Found a hole to the Spider Nest.
 15396 | Lair:3   | Lost mutation: You have sharp toenails. [Jiyva's grace]
 15396 | Lair:3   | Lost mutation: Your thick and shaggy fur keeps you warm.
                  | (AC +3, rC+) [Jiyva's grace]
 15396 | Lair:3   | Lost mutation: You are covered in thick fur. (AC +2)
                  | [Jiyva's grace]
 15396 | Lair:3   | Gained mutation: You are agile. (Dex +4, Str/Int -1)
                  | [Jiyva's grace]
 15396 | Lair:3   | Gained mutation: You are very agile. (Dex +8, Str/Int -2)
                  | [Jiyva's grace]
 15396 | Lair:3   | Gained mutation: You are robust. (+10% HP) [Jiyva's grace]
 15396 | Lair:3   | Gained mutation: You are very robust. (+20% HP) [Jiyva's
                  | grace]
 15412 | Lair:3   | Found a gate leading to a gauntlet.
 15469 | Lair:3   | Found a runed translucent door.
 15967 | Lair:3   | Reached skill level 19 in Axes
 16116 | Lair:4   | Reached XP level 15. HP: 158/162 MP: 10/19
 16230 | Lair:4   | Found a viscous altar of Jiyva.
 16231 | Lair:4   | Found a staircase to the Slime Pits.
 16291 | Lair:4   | Noticed Nessos
 16322 | Lair:4   | Killed Nessos
 16636 | Lair:4   | Identified a scroll of acquirement
 16637 | Lair:4   | Acquired the +0 pair of gloves of the Cobbler {Will++
                  | Regen+}
 16664 | Slime:1  | Entered Level 1 of the Pits of Slime
 16666 | Slime:1  | Noticed an azure jelly
 16788 | Slime:2  | Noticed an acid blob
 16795 | Slime:2  | Noticed a rockslime
 16927 | Slime:2  | Noticed an acid blob
 17010 | Slime:3  | Noticed an acid blob
 17014 | Slime:3  | Noticed a rockslime
 17024 | Slime:3  | Noticed a rockslime
 17028 | Slime:3  | Noticed a rockslime
 17037 | Slime:3  | Noticed an acid blob
 17152 | Slime:4  | Noticed an acid blob
 17182 | Slime:4  | Noticed an azure jelly
 17202 | Slime:4  | Noticed an azure jelly
 17210 | Slime:4  | Noticed an acid blob
 17324 | Slime:4  | Noticed an acid blob
 17326 | Slime:4  | Noticed an acid blob
 17391 | Slime:5  | Entered Level 5 of the Pits of Slime
 17394 | Slime:5  | Noticed an acid blob
 17496 | Slime:5  | Noticed an azure jelly
 17547 | Slime:5  | Noticed an acid blob
 17560 | Slime:5  | Noticed the Royal Jelly
 17574 | Slime:5  | Noticed an acid blob
 17575 | Slime:5  | Noticed an acid blob
 17578 | Slime:5  | Found a viscous altar of Jiyva.
 17579 | Slime:5  | Noticed an acid blob
 17582 | Slime:5  | Noticed an azure jelly
 17584 | Slime:5  | Identified the ring "Ysty" {rF+ Dex+4}
 17595 | Slime:5  | Got the Quarto of the Vacuum
 17626 | Slime:5  | Noticed an acid blob
 17633 | Slime:5  | Noticed an azure jelly
 17646 | Slime:5  | Got a slimy rune of Zot
 17647 | Slime:5  | Identified the +0 dagger "Ithrea" {flame, *Noise rN+ Str+2}
 17660 | Slime:5  | Noticed an acid blob
 17702 | Slime:4  | Noticed an acid blob
 17702 | Slime:4  | Noticed an azure jelly
 17836 | Slime:1  | Noticed an azure jelly
 18083 | Slime:2  | Noticed a rockslime
 18260 | Lair:5   | Entered Level 5 of the Lair of Beasts
 18425 | Lair:5   | Reached skill level 20 in Axes
 18812 | Lair:5   | Lost mutation: You regenerate. [Jiyva's grace]
 18812 | Lair:5   | Lost mutation: You are very robust. (+20% HP) [Jiyva's
                  | grace]
 18812 | Lair:5   | Lost mutation: You are robust. (+10% HP) [Jiyva's grace]
 18812 | Lair:5   | Lost mutation: You have a small jelly attached to you that
                  | senses nearby items. [Jiyva's grace]
 18812 | Lair:5   | Gained mutation: You have a small jelly attached to you
                  | that senses nearby items. [Jiyva's grace]
 18812 | Lair:5   | Gained mutation: You have acidic saliva. [Jiyva's grace]
 18812 | Lair:5   | Gained mutation: You have sharp fingernails. [Jiyva's
                  | grace]
 18812 | Lair:5   | Gained mutation: You have very sharp fingernails. [Jiyva's
                  | grace]
 19103 | Lair:5   | Got the Grimoire of Metamorphosis
 19383 | Spider:1 | Entered Level 1 of the Spider Nest
 19409 | Spider:1 | Slain by a demonic crawler

Illustrated notes

Levels and vault maps discovered:
D:1:      mrwooster_arrival_statue_3, layout_basic, grunt_decor_cap,
          corexii_hall_statues_l, minmay_ruptured
D:2:      layout_basic, ebering_ecumenical_altar_hall, minmay_misc_feat_roman
D:3:      layout_basic, mainiacjoe_overflow_chevrons,
          cheibrodos_sewer_entry_bend, serial_shops,
          nicolae_shop_bloodbath_and_beyond, st_stairs_10
D:4:      layout_layer_cave
D:5:      layout_cave_pools, biasface_ghost_orc_armoury, dk_vineyard_2,
          nicolae_shop_overcharged_wands
D:6:      layout_cave_pools, uniq_edmund
D:7:      layout_loops_ring, regret_index_temple_of_mockery, ashenzari_altar_1,
          minmay_temple_entry_statues_fountains, kennysheep_cross_room,
          uniq_joseph
D:8:      layout_basic, lemuel_doored_altar, jmf_multi_god_temple2
D:9:      layout_long_grid, mainiacjoe_overflow_alcove_1,
          yredelemnul_forgotten_temple_becter, nicolae_water_bricks,
          uniq_psyche, uniq_maurice, uniq_harold
D:10:     layout_gridville, erik_lair_dragon, zombieorc2_lemuel,
          nicolae_trove_entry_path_of_doom, due_unseen_surprise
D:11:     hellmonk_crumbling_castle, layout_basic, serial_shops, shop
D:12:     layout_long_grid, serial_shops, nicolae_shop_crystal, shop
D:13:     layout_basic, serial_bayou, serial_bayou_pond_d,
          serial_bayou_crossing, serial_bayou_pond_d, serial_bayou_pond_e,
          serial_bayou_pond_e, serial_bayou_pond_e, dreamdust_mushroom_princess,
          uniq_snorg
D:14:     minmay_the_grid_net [minmay_the_grid_outer_circle,
          minmay_the_grid_minigrid_large, minmay_the_grid_eight,
          minmay_the_grid_large_cup, minmay_the_grid_spikes,
          minmay_the_grid_prize_shrinking_boxes], layout_basic, david_vaults_4,
          kennysheep_crisscross, serial_shops, kennysheep_little_box,
          nicolae_square_shop, makhleb_altar_promises_db, uniq_louise,
          uniq_azrael
Lair:1:   layout_gridlike, gammafunk_ghost_icy, uniq_fannar
Lair:2:   dreamdust_labyrinth, layout_loops_ring, minmay_shoals_entry_beasts,
          pdpol_lair_cabin_in_the_woods, uniq_prince_ribbit2
Lair:3:   gammafunk_lair_enchanted_lake, layout_loops_ring, dummy_spider_entry,
          gauntlet_entry_generic
Lair:4:   layout_concentric_octagons, slime_entry_1, uniq_nessos
Lair:5:   evilmike_catoblepas_cave, layout_hall_layers, ldierk_geyser,
          grunt_megastairs_2, infiniplex_staircase_pool_2
Spider:1: layout_spider_delve, worms_lemuel
Slime:1:  layout_caves
Slime:2:  layout_caves
Slime:3:  layout_caves
Slime:4:  layout_caves
Slime:5

Skill      XL: |  1  2  3  4  5  6  7  8  9 10 11 12 13 14 15 |
---------------+----------------------------------------------+-----
Axes           | 3 4 5 6 8 9 11 12 13 14 15 16 17 19 20 | 20.0
Fire Magic     | 3 5 7 8 9 11 12 14 | 14.1
Conjurations   | 2 3 4 5 6 7 |  7.3
Fighting       | 5 7 9 10 11 13 14 | 14.2
Armour         | 5 7 8 10 11 12 14 | 14.1
Spellcasting   | 2 3 |  3.0
Shields        | |  3.2

Action                     |  1- 3 |  4- 6 |  7- 9 | 10-12 | 13-15 || total
---------------------------+-------+-------+-------+-------+-------++-------
  Melee: War axe           |    99 |   124 |   217 |   521 |       ||   961
         Kick              |       |     7 |    51 |   179 |   138 ||   375
         Unarmed           |       |       |       |    13 |       ||    13
         Broad axe         |       |       |       |       |   540 ||   540
         Battleaxe         |       |       |       |       |    50 ||    50
         Punch             |       |       |       |       |    10 ||    10
         Bite              |       |       |       |       |    13 ||    13
  Throw: Throwing net      |       |       |     1 |       |       ||     1
   Cast: Sticky Flame      |       |       |       |       |    14 ||    14
 Invoke: Oozemancy         |       |       |       |     4 |     4 ||     8
         Slimify           |       |       |       |       |     1 ||     1
  Evoke: Wand              |       |       |       |    19 |     5 ||    24
    Use: Potion            |       |       |     1 |     2 |     1 ||     4
         Scroll            |       |       |       |       |    15 ||    15
   Stab: Held in net/web   |       |       |     1 |       |       ||     1
         Distracted        |       |       |     1 |       |     2 ||     3
         Petrifying        |       |       |       |       |     3 ||     3
         Sleeping          |       |       |       |       |     2 ||     2
         Petrified         |       |       |       |       |     1 ||     1
 Armour: Scale mail        |    27 |    45 |    54 |   100 |       ||   226
         Acid dragon scale |       |       |       |    37 |   171 ||   208
         Ring mail         |       |       |       |       |    12 ||    12
  Dodge: Dodged            |    43 |    65 |    94 |   264 |   292 ||   758
         Repelled          |       |       |       |     3 |     7 ||    10
  Block: Buckler           |    20 |    27 |    34 |   202 |       ||   283
         Other             |       |       |       |       |   201 ||   201

Table legend: (Time is in decaauts)
 A = Elapsed time spent in this place.
 B = Non-inter-level travel time spent in this place.
 C = Inter-level travel time spent in this place.
 D = Time resting spent in this place.
 E = Time spent auto-exploring this place.
 F = Levels seen in this place.
 G = Mean time per level.
                   A        B        C        D        E       F      G
               +--------+--------+--------+--------+--------+-----+--------+
         Total |  19305 |  18076 |   1229 |      0 |  14452 |  25 |  772.2 |
       Dungeon |  13294 |  12493 |    801 |      0 |   9728 |  14 |  949.6 |
          Lair |   4433 |   4167 |    266 |      0 |   3386 |   5 |  886.6 |
   Spider Nest |     21 |     21 |      0 |      0 |      3 |   1 |   21.0 |
    Slime Pits |   1556 |   1395 |    161 |      0 |   1335 |   5 |  311.2 |
               +--------+--------+--------+--------+--------+-----+--------+

Top non-repeatable levels by time:
     D:4: 1350 daAuts
    D:14: 1291 daAuts
    D:10: 1279 daAuts
    D:11: 1086 daAuts
  Lair:2: 1076 daAuts
  Lair:3: 1073 daAuts
  Lair:5: 1027 daAuts
     D:1: 1027 daAuts
    D:13: 989 daAuts
     D:3: 980 daAuts
     D:8: 970 daAuts
     D:9: 944 daAuts
     D:2: 902 daAuts
     D:7: 792 daAuts
    D:12: 630 daAuts
